 Dungeon Crawl Stone Soup version 0.29-a0-872-g797fff5ad1 (webtiles) character file.

Game seed: 10066217970267129813

1793 27snakeeyes612 the Skirmisher (level 9, -1/69 HPs)
             Began as a Gnoll Hunter on July 18, 2022.
             Slain by a gnoll
             ... wielding a +0 halberd
             ... led by a gnoll bouda
              (6 damage)
             ... on level 7 of the Dungeon.
             The game lasted 00:10:02 (8235 turns).

27snakeeyes612 the Skirmisher (Gnoll Hunter)        Turns: 8235, Time: 00:10:03

Health: -1/69      AC: 10    Str: 15    XL:     9   Next: 9%
Magic:  15/15      EV: 13    Int:  8    God:
Gold:   536        SH:  0    Dex: 22    Spells: 16/16 levels left

rFire   . . .      SeeInvis .   C - +2 mace (venom)
rCold   . . .      Faith    .   (no shield)
rNeg    . . .      Spirit   .   x - +0 scale mail
rPois   .          Reflect  .   s - +0 helmet
rElec   .          Harm     .   (no cloak)
rCorr   .          Rampage  .   f - +1 pair of gloves
Will    .....                   (no boots)
Stlth   ++........              (no amulet)
HPRegen 0.21/turn               p - +6 ring of dexterity
MPRegen 0.14/turn               (no ring)

@: about to teleport, weakened
A: fangs 1, strong nose, distributed training
a: no special abilities


You were on level 7 of the Dungeon.
You visited 1 branch of the dungeon, and saw 7 of its levels.

You collected 536 gold pieces.

Inventory:

Hand Weapons
 a - a +0 shortbow
 l - a +0 long sword
 n - a +1 sling of freezing
 C - a +2 mace of venom (weapon)
 G - a +0 broad axe
Missiles
 z - 3 throwing nets
Armour
 c - a +0 leather armour
 f - a +1 pair of gloves (worn)
 o - a +0 plate armour
 s - a +0 helmet (worn)
 x - a +0 scale mail (worn)
Jewellery
 p - a +6 ring of dexterity (left hand)
 E - an amulet of the acrobat
Wands
 i - a wand of iceblast (10)
 v - a wand of digging (8)
Scrolls
 b - a scroll of immolation
 g - 3 scrolls of blinking
 h - a scroll of identify
 j - 4 scrolls of teleportation
 k - 2 scrolls of noise
 y - a scroll of amnesia
 B - 2 scrolls of fog
 D - a scroll of torment
 F - 2 scrolls of magic mapping
Potions
 d - 2 potions of degeneration
 e - a potion of resistance
 m - a potion of ambrosia
 q - a potion of might {unknown}
 r - a potion of invisibility {unknown}
 t - a potion of lignification {unknown}
 u - 2 potions of haste
 w - a potion of mutation {unknown}
 A - a potion of cancellation {unknown}
 H - a potion of attraction {unknown}


   Skills:
 + Level 6.2 Fighting
 + Level 4.0 Short Blades
 + Level 4.0 Long Blades
 + Level 4.0 Axes
 + Level 4.0 Maces & Flails
 + Level 4.0 Polearms
 + Level 4.0 Staves
 + Level 9.5 Ranged Weapons
 + Level 4.0 Throwing
 + Level 4.0 Armour
 + Level 6.2 Dodging
 + Level 4.7 Stealth
 + Level 4.0 Shields
 + Level 4.0 Unarmed Combat
 + Level 4.0 Spellcasting
 + Level 3.3 Conjurations
 + Level 3.3 Hexes
 + Level 3.3 Summonings
 + Level 3.3 Necromancy
 + Level 3.3 Translocations
 + Level 3.3 Transmutations
 + Level 3.3 Fire Magic
 + Level 3.3 Ice Magic
 + Level 3.3 Air Magic
 + Level 3.3 Earth Magic
 + Level 3.3 Poison Magic
 + Level 4.4 Invocations
 + Level 4.0 Evocations


You had 16 spell levels left.
You didn't know any spells.
Your spell library contained the following spells:

 Spells                   Type           Power      Damage    Failure   Level
 Apportation              Tloc           12%        N/A       26%         1
 Necrotise                Necr           24%        1d5       26%         1
 Summon Small Mammal      Summ           24%        N/A       26%         1
 Call Canine Familiar     Summ           6%         N/A       63%         3
 Gell's Gravitas          Tloc           6%         N/A       63%         3
 Lesser Beckoning         Tloc           6%         N/A       63%         3
 Portal Projectile        Hex/Tloc       12%        N/A       63%         3
 Teleport Other           Tloc           6%         N/A       63%         3
 Tukima's Dance           Hex            6%         N/A       63%         3
 Leda's Liquefaction      Hex/Erth       3%         N/A       95%         4
 Blade Hands              Tmut           3%         N/A       100%        5


Dungeon Overview and Level Annotations

Branches:
Dungeon (7/15)
 Temple: D:4-7

Altars:
Gozag
Qazlal

Annotations:
D:4 Edmund


Innate Abilities, Weirdness & Mutations

You have very sharp teeth.
Your uncanny sense of smell can sniff out nearby items.
Your experience applies equally to all skills.


Message History

The gnoll bouda barks out a call to the hunt!
The gnoll picks up the pace!
You sock the gnoll!
The gnoll is poisoned.
The gnoll is severely wounded.
You kill the gnoll!
The gnoll hits you from afar with a +0 halberd.
The gnoll misses you.
You hit the gnoll bouda but do no damage.
Your punch misses the gnoll bouda.
The gnoll bouda hits you but does no damage.
The gnoll hits you from afar with a +0 halberd.
The gnoll barely misses you.
You hit the gnoll bouda but do no damage.
The gnoll bouda is poisoned.
You bite the gnoll bouda, but do no damage.
The gnoll bouda hits you but does no damage.
The gnoll completely misses you.
The gnoll hits you from afar with a +0 halberd.
You barely miss the gnoll bouda.
The gnoll bouda gazes fiercely through you!
You feel your attacks grow feeble.
The gnoll bouda hits you with a +0 club.
The gnoll hits you from afar with a +0 halberd.
The gnoll hits you from afar with a +0 halberd!
* * * LOW HITPOINT WARNING * * *
The gnoll bouda hits you with a +0 club.
* * * LOW HITPOINT WARNING * * *
You hit the gnoll bouda but do no damage.
The gnoll bouda looks as sick as possible!
The gnoll completely misses you. The gnoll barely misses you.
The gnoll bouda hits you with a +0 club.
* * * LOW HITPOINT WARNING * * *
The gnoll hits you from afar with a +0 halberd!
* * * LOW HITPOINT WARNING * * *
Okay, then.
As you read the scroll of teleportation, it crumbles to dust.
You feel strangely unstable. The gnoll barely misses you.
The gnoll bouda barely misses you.
The gnoll hits you from afar with a +0 halberd.
You die...

###################
.#..........#.....#
gg..........#.....#
#g.........#.....#
#..##....# #+##@##########
#'###....###.##g#.........
#.........gg...gg.#.......
##..[..............#.......
.#.................#.......
.'............<....#.......
##..##..#####+###..#.......
##..##..####..###..########
.....#..#................


You could see a gnoll bouda (extremely poisoned) and 2 gnolls.

Vanquished Creatures
  Sigmund (D:3)
  An ogre (D:4)
  A centaur (D:5)
  A phantom (D:6)
  A kobold brigand (D:6)
  A gnoll sergeant (D:4)
  2 bullfrogs (D:6)
  2 scorpions (D:5)
  A necrophage (D:5)
  4 killer bees (D:6)
  A lava snake (D:7)
  4 orc priests
  2 jellies
  4 hounds
  Jessica (D:3)
  2 iguanas
  4 orc wizards
  Natasha (twice) (D:3 D:2)
  7 gnolls
  4 adders
  A shadow imp (D:4)
  2 ufetubi
  A worm (D:5)
  A dart slug (D:1)
  10 orcs
  5 bats
  8 endoplasms
  4 giant cockroaches
  9 goblins
  9 hobgoblins
  15 jackals
  15 kobolds
  6 quokkas
  3 ball pythons
  3 frilled lizards
  4 rats
142 creatures vanquished.

Vanquished Creatures (others)
  An orc wizard (D:4)
  A fungus (D:3)
2 creatures vanquished.

Grand Total: 144 creatures vanquished

Notes
Turn   | Place    | Note
-------+----------+-------------------------------------------
     0 | D:1      | 27snakeeyes612 the Gnoll Hunter began the quest for the
                  | Orb.
     0 | D:1      | Reached XP level 1. HP: 20/20 MP: 1/1
   103 | D:1      | Reached XP level 2. HP: 26/26 MP: 2/2
   404 | D:1      | Reached XP level 3. HP: 31/31 MP: 3/3
   497 | D:1      | Reached skill level 1 in Invocations
   620 | D:2      | Reached skill level 1 in Short Blades
   620 | D:2      | Reached skill level 1 in Long Blades
   620 | D:2      | Reached skill level 1 in Axes
   620 | D:2      | Reached skill level 1 in Maces & Flails
   620 | D:2      | Reached skill level 1 in Polearms
   620 | D:2      | Reached skill level 1 in Staves
   620 | D:2      | Reached skill level 1 in Throwing
   620 | D:2      | Reached skill level 1 in Armour
   620 | D:2      | Reached skill level 1 in Shields
   620 | D:2      | Reached skill level 1 in Unarmed Combat
   620 | D:2      | Reached skill level 1 in Spellcasting
   620 | D:2      | Reached skill level 1 in Evocations
   857 | D:2      | You fall into a shaft and drop 2 floors!
   865 | D:3      | Found an opulent altar of Gozag.
   891 | D:3      | Reached XP level 4. HP: 38/38 MP: 5/5
  1507 | D:3      | Noticed Natasha
  1516 | D:3      | Killed Natasha
  1517 | D:3      | Reached skill level 1 in Conjurations
  1517 | D:3      | Reached skill level 1 in Hexes
  1517 | D:3      | Reached skill level 1 in Summonings
  1517 | D:3      | Reached skill level 1 in Necromancy
  1517 | D:3      | Reached skill level 1 in Translocations
  1517 | D:3      | Reached skill level 1 in Transmutations
  1517 | D:3      | Reached skill level 1 in Fire Magic
  1517 | D:3      | Reached skill level 1 in Ice Magic
  1517 | D:3      | Reached skill level 1 in Air Magic
  1517 | D:3      | Reached skill level 1 in Earth Magic
  1517 | D:3      | Reached skill level 1 in Poison Magic
  1700 | D:3      | Noticed Sigmund
  1724 | D:3      | Noticed Natasha
  1896 | D:2      | Killed Natasha
  1897 | D:2      | Reached XP level 5. HP: 30/43 MP: 5/7
  2426 | D:3      | Killed Sigmund
  2427 | D:3      | Reached skill level 5 in Fighting
  2427 | D:3      | Reached skill level 5 in Dodging
  2427 | D:3      | Reached XP level 6. HP: 42/51 MP: 7/9
  2513 | D:3      | Noticed Jessica
  2523 | D:3      | Killed Jessica
  3248 | D:4      | Reached XP level 7. HP: 39/56 MP: 10/10
  3641 | D:4      | Noticed Edmund
  4468 | D:4      | Reached skill level 9 in Ranged Weapons
  4814 | D:5      | Entered Level 5 of the Dungeon
  5081 | D:5      | Reached XP level 8. HP: 60/63 MP: 12/12
  7761 | D:6      | Reached XP level 9. HP: 15/69 MP: 14/14
  8078 | D:7      | Found a stormy altar of Qazlal.
  8235 | D:7      | Slain by a gnoll

Illustrated notes

Levels and vault maps discovered:
D:1:      lightli_iron_boxes, layout_rooms, patterned_corridor
D:2:      layout_loops_ring
D:3:      layout_loops_cross, mainiacjoe_overflow_boulevard, uniq_sigmund,
          uniq_natasha, uniq_jessica
D:4:      minmay_door_path, layout_basic, lightli_minifort, uniq_edmund
D:5:      layout_loops_corners
D:6:      layout_gridville
D:7:      layout_gridville, amcnicky_altar_gilded,
          minmay_temple_entry_statues_pillars, grunt_decor_junction,
          minivault_23, minmay_liquid_box, uniq_menkaure

Skill      XL: |  1  2  3  4  5  6  7  8  9 |
---------------+----------------------------+-----
Invocations    | 1 2 3 4 |  4.4
Short Blades   | 1 2 3 4 |  4.0
Long Blades    | 1 2 3 4 |  4.0
Axes           | 1 2 3 4 |  4.0
Maces & Flails | 1 2 3 4 |  4.0
Polearms       | 1 2 3 4 |  4.0
Staves         | 1 2 3 4 |  4.0
Throwing       | 1 2 3 4 |  4.0
Armour         | 1 2 3 4 |  4.0
Shields        | 1 2 3 4 |  4.0
Unarmed Combat | 1 2 3 4 |  4.0
Spellcasting   | 1 2 3 4 |  4.0
Evocations     | 1 2 3 4 |  4.0
Conjurations   | 1 2 3 |  3.3
Hexes          | 1 2 3 |  3.3
Summonings     | 1 2 3 |  3.3
Necromancy     | 1 2 3 |  3.3
Translocations | 1 2 3 |  3.3
Transmutations | 1 2 3 |  3.3
Fire Magic     | 1 2 3 |  3.3
Ice Magic      | 1 2 3 |  3.3
Air Magic      | 1 2 3 |  3.3
Earth Magic    | 1 2 3 |  3.3
Poison Magic   | 1 2 3 |  3.3
Fighting       | 5 6 |  6.2
Dodging        | 5 6 |  6.2
Stealth        | 3 4 |  4.7
Ranged Weapons | 9 |  9.5

Action                   |  1- 3 |  4- 6 |  7- 9 || total
-------------------------+-------+-------+-------++-------
Melee: Long sword        |       |       |    31 ||    31
       Bite              |       |       |    12 ||    12
       Punch             |       |       |     6 ||     6
       Broad axe         |       |       |    23 ||    23
       Mace              |       |       |    35 ||    35
 Fire: Shortbow          |    87 |       |       ||    87
       Sling             |     6 |   208 |   202 ||   416
  Use: Scroll            |       |       |    19 ||    19
       Potion            |       |       |     5 ||     5
Armor: Leather armour    |     6 |     8 |       ||    14
       Scale mail        |       |    16 |   177 ||   193
Dodge: Dodged            |    14 |    54 |   197 ||   265

Table legend: (Time is in decaauts)
 A = Elapsed time spent in this place.
 B = Non-inter-level travel time spent in this place.
 C = Inter-level travel time spent in this place.
 D = Time resting spent in this place.
 E = Time spent auto-exploring this place.
 F = Levels seen in this place.
 G = Mean time per level.
                   A        B        C        D        E       F      G
               +--------+--------+--------+--------+--------+-----+--------+
         Total |   8323 |   8021 |    302 |   1695 |   5163 |   7 | 1189.0 |
       Dungeon |   8323 |   8021 |    302 |   1695 |   5163 |   7 | 1189.0 |
               +--------+--------+--------+--------+--------+-----+--------+

Top non-repeatable levels by time:
     D:4: 1886 daAuts
     D:6: 1796 daAuts
     D:5: 1410 daAuts
     D:2: 1397 daAuts
     D:3: 1023 daAuts
     D:1: 559 daAuts
     D:7: 250 daAuts
